 Dungeon Crawl Stone Soup version 0.27.1-33-g824d729ab1 (webtiles) character file.

Game seed: 11743991353411693561

39356 worthlessgem the Fighter (level 14, 129/129 HPs)
             Began as a Formicid Earth Elementalist on Oct 2, 2021.
             Was a High Priest of Ashenzari.
             Quit the game on level 3 of the Lair of Beasts on Nov 28, 2021.
             The game lasted 04:34:27 (24667 turns).

worthlessgem the Fighter (FoEE)                    Turns: 24667, Time: 04:34:27

Health: 129/129    AC: 11    Str: 18    XL:     14   Next: 39%
Magic:  37/37      EV: 30    Int: 18    God:    Ashenzari [*****.]
Gold:   1561       SH:  5    Dex: 11    Spells: 0/33 levels left

rFire    x . .     SeeInvis +   a - +2 dagger (elec)
rCold    + . .     Faith    .   C - +0 buckler of Ashenzari's Vision {Evo, Cun} (curse)
rNeg     + . .     Spirit   .   S - +0 troll leather armour "Prescient Irritation" {Regen+, Bglg, Cun} (curse)
rPois    .         Reflect  .   (helmet unavailable)
rElec    .         Harm     .   Y - +0 cloak "Bound Doubts" {Alch, Bglg} (curse)
rCorr    .         Rampage  .   M - +2 pair of gloves "Ensconced Failure" {Bglg, Alch} (curse)
Will     +....     Clarity  +   j - +2 pair of boots of the Unveiling Augurer {Range, Fort} (curse)
Stlth    +++.......             I - amulet of Ashenzari's Paranoia {Acrobat, Fort, Alch} (curse)
HPRegen  1.31/turn              D - ring of Ashenzari's Oracle {rF- rC+ rN+ MP+9 Str+3, Range, Elem} (curse)
MPRegen  0.25/turn              r - ring "Ruined Mistrust" {Wiz, Alch, Evo} (curse)

@: acrobatic, studying Fighting, very slow
A: permanent stasis, dig shafts and tunnels, antennae 3, four strong arms,
robust 1
a: Dig, Shaft Self, Renounce Religion, Curse Item, Shatter the Chains


You were on level 3 of the Lair of Beasts.
You worshipped Ashenzari.
Ashenzari was extremely pleased with you.
You visited 4 branches of the dungeon, and saw 18 of its levels.
You also visited: Ossuary, Bailey and Ice Cave.

You collected 1561 gold pieces.

Inventory:

Hand Weapons
 a - a +2 dagger of electrocution (weapon)
 b - a +9 lajatang of electrocution
 e - a +0 vampiric executioner's axe
 w - a +0 arbalest
 J - a +0 lajatang of freezing
Missiles
 c - 333 stones
 f - 127 bolts
 g - a throwing net
 n - 6 silver boomerangs (quivered)
 q - 29 poisoned darts
 E - 34 javelins
Armour
 j - the cursed +2 pair of boots of the Unveiling Augurer (worn) {Range, Fort}
   (You found it on level 5 of the Dungeon)

   It has a curse which improves the following skills: Ranged Combat: Slings,
   Bows, Crossbows and Throwing.
   Fortitude: Armour and Shields.
 C - the cursed +0 buckler of Ashenzari's Vision (worn) {Evo, Cun}
   (You found it on level 8 of the Dungeon)

   It has a curse which improves the following skills: Evocations: Evocations.
   Cunning:   Dodging and Stealth.
 H - a +3 ring mail of willpower
 M - the cursed +2 pair of gloves "Ensconced Failure" (worn) {Bglg, Alch}
   (You found it on level 8 of the Dungeon)

   It has a curse which improves the following skills: Beguiling: Conjurations,
   Hexes and Translocations.
   Alchemy:   Poison Magic and Transmutations.
 O - the +0 pair of boots of New Discoveries {Int+4}
   (You acquired it on level 10 of the Dungeon)

   Int:       It affects your intelligence (+4).
 Q - a +0 pair of boots
 S - the cursed +0 troll leather armour "Prescient Irritation" (worn) {Regen+, Bglg, Cun}
   (You found it on level 12 of the Dungeon)

   Regen:     It increases your rate of health regeneration.
   It has a curse which improves the following skills: Beguiling: Conjurations,
   Hexes and Translocations.
   Cunning:   Dodging and Stealth.
 Y - the cursed +0 cloak "Bound Doubts" (worn) {Alch, Bglg}
   (You found it on level 2 of the Lair of Beasts)

   It has a curse which improves the following skills: Alchemy: Poison Magic and
   Transmutations.
   Beguiling: Conjurations, Hexes and Translocations.
Jewellery
 d - a ring of willpower
 r - the cursed ring "Ruined Mistrust" (right hand) {Wiz, Alch, Evo}
   (You took it off a kobold on level 6 of the Dungeon)

   [ring of wizardry]

   It improves your spell success rate.
   It has a curse which improves the following skills: Alchemy: Poison Magic and
   Transmutations.
   Evocations: Evocations.
 D - the cursed ring of Ashenzari's Oracle (left hand) {rF- rC+ rN+ MP+9 Str+3, Range, Elem}
   (You acquired it in a bailey)

   [ring of protection from cold]

   Str:       It affects your strength (+3).
   rF:        It makes you vulnerable to fire.
   rC:        It protects you from cold.
   rN:        It protects you from negative energy.
   MP:        It affects your magic capacity (+9).
   It has a curse which improves the following skills: Ranged Combat: Slings,
   Bows, Crossbows and Throwing.
   Elements:  Fire Magic, Ice Magic, Air Magic and Earth Magic.
 I - the cursed amulet of Ashenzari's Paranoia (around neck) {Acrobat, Fort, Alch}
   (You found it on level 7 of the Dungeon)

   [amulet of the acrobat]

   It increases your evasion while moving and waiting.
   It has a curse which improves the following skills: Fortitude: Armour and
   Shields.
   Alchemy:   Poison Magic and Transmutations.
 K - a ring of fire
 P - the ring of Mayguxt {rPois Int+6 Dex+3}
   (You found it in an ice cave)

   [ring of poison resistance]

   Int:       It affects your intelligence (+6).
   Dex:       It affects your dexterity (+3).
   rPois:     It protects you from poison.
 T - the ring "Vinymm" {rPois Int+6}
   (You found it in an ice cave)

   [ring of poison resistance]

   Int:       It affects your intelligence (+6).
   rPois:     It protects you from poison.
 U - the amulet "Ewovaong" {Acrobat Contam Will+ Str+3}
   (You found it in an ice cave)

   [amulet of the acrobat]

   It increases your evasion while moving and waiting.
   Str:       It affects your strength (+3).
   Contam:    It causes magical contamination when unequipped.
   Will:      It increases your willpower.
 X - an amulet of magic regeneration
Wands
 z - a wand of polymorph (2)
 B - a wand of mindburst (4)
 G - a wand of flame (37)
 L - a wand of digging (3)
 W - a wand of paralysis (4)
Scrolls
 h - 3 scrolls of silence
 l - a scroll of fog
 v - a scroll of summoning
 x - a scroll of amnesia
 y - 2 scrolls of magic mapping
 R - a scroll of fear
 Z - 3 scrolls of enchant armour
Potions
 k - 5 potions of brilliance
 o - a potion of cancellation
 p - 5 potions of flight
 s - 2 potions of lignification
 t - a potion of heal wounds
 u - 6 potions of curing
 A - 2 potions of resistance
 F - 3 potions of ambrosia
 N - 2 potions of magic
Miscellaneous
 V - a phial of floods


   Skills:
 - Level 13.2 Fighting
 - Level 6.0 Short Blades
 + Level 5.7 Axes
 - Level 3.0(6.4) Crossbows
 - Level 4.2(8.0) Throwing
 - Level 5.5(9.5) Dodging
 - Level 10.0(13.7) Stealth
 - Level 2.7(6.0) Shields
 - Level 10.2 Spellcasting
 - Level 3.1(7.5) Conjurations
 - Level 6.9(12.0) Hexes
 - Level 3.6 Necromancy
 - Level 5.0(10.0) Translocations
 - Level 5.3(11.3) Transmutations
 + Level 5.5(8.2) Ice Magic
 - Level 6.5(9.2) Earth Magic
 - Level 4.9(8.9) Evocations


You couldn't memorise any spells.
You knew the following spells:

 Your Spells              Type           Power      Damage    Failure   Level
a - Sandblast             Erth           84%        2d18      1%          1
b - Passwall              Tmut/Erth      38%        N/A       1%          2
c - Stone Arrow           Conj/Erth      78%        3d11      1%          3
d - Petrify               Tmut/Erth      46%        N/A       1%          4
e - Wereblood             Tmut           50%        N/A       1%          2
f - Hailstorm             Conj/Ice       37%        3d9       1%          4
g - Passage of Golubria   Tloc           N/A        N/A       1%          4
h - Tukima's Dance        Hex            51%        N/A       1%          3
i - Yara's Violent Unrav  Hex/Tmut       25%        3d11      1%          5
j - Sublimation of Blood  Necr           11%        N/A       1%          2
k - Frozen Ramparts       Ice            76%        1d9       1%          3

Your spell library contained the following spells:

 Spells                   Type           Power      Damage    Failure   Level
 Freeze                   Ice            100%       1d11      1%          1
 Gell's Gravitas          Tloc           22%        N/A       1%          3
 Ozocubu's Armour         Ice            38%        N/A       1%          3
 Teleport Other           Tloc           45%        N/A       1%          3
 Ice Form                 Ice/Tmut       44%        N/A       1%          4
 Metabolic Englaciation   Hex/Ice        22%        N/A       1%          5
 Dispersal                Tloc           22%        N/A       9%          6
 Simulacrum               Ice/Necr       15%        N/A       43%         6
 Summon Hydra             Summ           4%         N/A       100%        7
 Chain Lightning          Conj/Air       11%        3d15      100%        9
 Fire Storm               Conj/Fire      11%        8d3       100%        9
 Polar Vortex             Ice            19%        N/A       100%        9


Dungeon Overview and Level Annotations

Branches:
Dungeon (12/15)            Temple (1/1) D:6            Lair (3/6) D:9
 Shoals (0/4) Lair:3        Snake (0/4) Lair:3          Orc (2/2) D:10
    Elf (0/3) Orc:2       Ossuary (visited)          Bailey (visited)
  IceCv (visited)

Altars:
Ashenzari
Cheibriados
Fedhas
Gozag
Hepliaklqana
Makhleb
Nemelex Xobeh
Okawaru
Qazlal
Ru
Trog
Uskayaw
Vehumet
Wu Jian
Xom
Zin
The Shining One
Beogh

Shops:
Orc:2 ([

Annotations:
D:12 exclusion: skeletal warrior, Frances
Orc:2 Saint Roka


Innate Abilities, Weirdness & Mutations

You cannot be hasted, slowed, berserked, paralysed or teleported.
You can dig through walls and to a lower floor.
You have a pair of large antennae on your head. (SInv)
Your four strong arms can wield two-handed weapons with a shield.
You are robust. (+10% HP)


Message History

Found a stone staircase leading down.
You sense a monster nearby.
A four-headed hydra comes into view.
The four-headed hydra roars!
Casting: Hailstorm (mildly dangerous; 1% risk of failure)
Confirm with . or Enter, or press ? or * to list all spells.
Aiming: Petrify (mildly dangerous; 1% risk of failure)
Press: ? - help, Shift-Dir - straight line, f - four-headed hydra
Aim: a four-headed hydra (chance to affect: 36%)
The four-headed hydra is moving more slowly.
You shoot a bolt. The bolt hits the four-headed hydra!!
The four-headed hydra is lightly wounded.
You hear the crackle of electricity.
a - a +2 dagger of electrocution (weapon)
The four-headed hydra stops moving altogether!
The helpless four-headed hydra fails to defend itself.
You stick the four-headed hydra like a pincushion!!!
The four-headed hydra is heavily wounded.
The helpless four-headed hydra fails to defend itself.
You stick the four-headed hydra like a pincushion!!!
You kill the four-headed hydra!
Your phial of floods has recharged.
Found a staff of poison.
f - 127 bolts (gained 1)
You enter the shallow water.
Moving in this stuff is going to be slow.
You enter the shallow water.
Moving in this stuff is going to be slow.
Done exploring.
Done exploring.
You enter the shallow water.
Moving in this stuff is going to be slow.
You enter the shallow water.
Moving in this stuff is going to be slow.
You see here a +4 short sword of freezing.
Saving game... please wait.
Welcome back, worthlessgem the Formicid Earth Elementalist.
Ashenzari says: Partake of my vision.
Partake of my curse.
Press ? for a list of commands and other information.
Are you sure you want to abandon this character and quit the game? (Confirm with "yes".)

### ###.....####.....
#.#####≈#...#.#####....
#..#.≈≈≈≈≈.##..#####..<
#≈..≈≈≈≈≈≈≈P≈.P.####..#
###≈.≈≈≈...≈≈≈≈....##...#
##..≈≈≈.....≈≈≈.##.###..#
###≈≈≈.......≈≈.##..#....
##..≈≈...>..≈≈≈.....#....
##..≈≈..@....≈≈≈.........
###..≈≈≈.)..≈≈≈≈.#P.......
##....≈≈≈...≈≈≈......P.#.#
###..#.≈≈≈≈≈≈≈.##....#####
###.##..≈≈≈≈≈≈###....#.⌠.#
##P..###≈##≈≈#.#....#.....
##...##≈####≈......##⌠.<.⌠
##P.########..P...........
###..#####.##.......#....#


There were no monsters in sight!

Vanquished Creatures
  3 hydras
  2 two-headed ogres
  5 oklob plants
  An orc knight (D:10)
  An orc sorcerer (Orc:2)
  5 cyclopes
  A torpor snail (Lair:3)
  9 cane toads
  5 komodo dragons
  5 kobold demonologists (D:10)
  2 unseen horrors (D:12)
  2 rime drakes
  3 entropy weaver simulacra (IceCv)
  A queen bee (Lair:3)
  4 trolls
  2 polar bears
  Grinder (D:3)
  8 blink frogs (Lair:3)
  4 slime creatures (IceCv)
  A shadow (D:10)
  6 wyverns
  33 yaks
  4 basilisks
  3 steam dragons
  5 wargs (D:10)
  Menkaure (D:7)
  2 demonic crawler simulacra (IceCv)
  An acid dragon (D:10)
  12 water moccasins
  2 hell hounds (D:10)
  A swamp drake (D:9)
  2 ice beasts (D:7)
  A sky beast (D:2)
  18 orc warriors
  3 ugly thing simulacra (IceCv)
  3 black bears
  4 ogres
  10 wolves
  8 centaurs
  3 phantoms
  An elf zombie (Ossuary)
  8 bullfrogs
  3 gnoll sergeants (D:10)
  5 kobold brigands
  A water moccasin zombie (D:6)
  A scorpion (D:5)
  A glowing shapeshifter simulacrum (IceCv)
  A water moccasin skeleton (D:5)
  41 killer bees
  7 wights
  8 howler monkeys
  A bullfrog zombie (D:6)
  5 centaur zombies
  6 gnoll shamans
  2 centaur skeletons
  A human zombie (Ossuary)
  9 orc priests
  A bullfrog skeleton (D:5)
  2 iguanas
  11 orc wizards
  A killer bee zombie (D:7)
  A hound skeleton (D:5)
  3 mummies (Ossuary)
  A howler monkey skeleton (D:5)
  10 gnolls
  6 adders
  4 river rats (Lair:3)
  A shadow imp (D:6)
  3 white imps
  2 ufetubi (D:5)
  4 adder zombies (Ossuary)
  4 adder skeletons
  4 worms
  5 dart slugs
  101 orcs
  7 bats
  6 endoplasms
  2 giant cockroaches
  5 goblins
  6 hobgoblins
  2 jackals (D:2)
  12 kobolds
  4 quokkas
  8 ball pythons
  A frilled lizard (D:1)
  2 goblin zombies (Ossuary)
  2 hobgoblin zombies (Ossuary)
  3 kobold zombies (Ossuary)
  An orc zombie (Ossuary)
  A quokka zombie (Ossuary)
  5 rats
  3 rat zombies (Ossuary)
  A bush (Lair:3)
523 creatures vanquished.

Vanquished Creatures (collateral kills)
  2 nagas (Lair:3)
  5 orc warriors
  3 centaurs (Bailey)
  2 gnoll sergeants (D:10)
  2 orc priests (D:10)
  9 orcs (Bailey)
23 creatures vanquished.

Vanquished Creatures (others)
  13 dancing weapons
  A killer bee (Lair:3)
  A bush (Lair:1)
  17 fungi
  22 plants
54 creatures vanquished.

Grand Total: 600 creatures vanquished

Notes
Turn   | Place    | Note
-------+----------+-------------------------------------------
     0 | D:1      | worthlessgem the Formicid Earth Elementalist began the
                  | quest for the Orb.
     0 | D:1      | Reached XP level 1. HP: 13/13 MP: 3/3
   540 | D:1      | Reached XP level 2. HP: 19/19 MP: 1/5
   650 | D:1      | Reached skill level 1 in Conjurations
  1309 | D:1      | Reached XP level 3. HP: 19/24 MP: 6/6
  1312 | D:1      | Learned a level 2 spell: Passwall
  1316 | D:1      | Learned a level 3 spell: Stone Arrow
  1443 | D:1      | Found a faded altar of an unknown god.
  1926 | D:2      | Gained mutation: You are agile. (Dex +2) [potion of
                  | mutation]
  1926 | D:2      | Gained mutation: Your system is resistant to poisons.
                  | (rPois) [potion of mutation]
  2379 | D:2      | Reached XP level 4. HP: 23/30 MP: 5/7
  2616 | D:3      | Noticed Sigmund
  2628 | D:3      | You fall into a shaft and drop 3 floors!
  2628 | D:6      | Noticed a phantom
  2654 | D:6      | Killed a phantom
  2655 | D:6      | Reached skill level 1 in Fighting
  2655 | D:6      | Reached XP level 5. HP: 38/38 MP: 0/8
  2697 | D:6      | Reached skill level 5 in Earth Magic
  2697 | D:6      | Reached XP level 6. HP: 44/44 MP: 2/10
  2702 | D:6      | Learned a level 4 spell: Petrify
  2756 | D:6      | Reached skill level 2 in Fighting
  2987 | D:6      | Found a staircase to the Ecumenical Temple.
  3006 | Temple   | Entered the Ecumenical Temple
  3063 | Temple   | Became a worshipper of Ashenzari the Shackled
  3249 | D:5      | Entered Level 5 of the Dungeon
  3440 | D:4      | Identified a scroll of acquirement
  3446 | D:4      | Found a sand-covered staircase.
  3452 | Ossuary  | Entered an ossuary
  3464 | Ossuary  | Reached skill level 3 in Fighting
  3581 | Ossuary  | Reached XP level 7. HP: 46/52 MP: 0/11
  4243 | D:2      | Reached skill level 1 in Short Blades
  4385 | D:2      | Reached skill level 4 in Fighting
  4720 | D:3      | Noticed Grinder
  4725 | D:3      | Reached * piety under Ashenzari
  4741 | D:3      | Noticed Sigmund
  4741 | D:3      | Sigmund changed into Sigmund the dart slug
  4746 | D:3      | Killed Sigmund the dart slug
  5127 | D:3      | Killed Grinder
  5128 | D:3      | Reached XP level 8. HP: 61/61 MP: 7/12
  5223 | D:4      | Acquired a +2 lajatang of electrocution
  5822 | D:4      | Reached ** piety under Ashenzari
  5943 | D:4      | Found a burning altar of Makhleb.
  6395 | D:5      | Reached skill level 5 in Fighting
  6883 | D:5      | Reached skill level 5 in Stealth
  6956 | D:5      | Reached skill level 5 in Transmutations
  6956 | D:5      | Reached XP level 9. HP: 70/71 MP: 15/15
  7667 | D:7      | Reached *** piety under Ashenzari
  7888 | D:7      | Reached skill level 1 in Throwing
  7898 | D:7      | Noticed Menkaure
  8073 | D:7      | Killed Menkaure
  8085 | D:7      | Reached skill level 6 in Fighting
  9081 | D:8      | Acquired a book of Blood
  9086 | D:8      | Learned a level 2 spell: Wereblood
  9200 | D:8      | Reached XP level 10. HP: 44/80 MP: 12/17
  9537 | D:8      | Reached skill level 5 in Short Blades
  9992 | D:9      | Learned a level 3 spell: Teleport Other
  9997 | D:9      | Learned a level 4 spell: Passage of Golubria
 10064 | D:9      | Reached skill level 5 in Dodging
 10080 | D:9      | Reached skill level 1 in Translocations
 10801 | D:9      | Found a staircase to the Lair.
 10899 | D:10     | Entered Level 10 of the Dungeon
 10979 | D:10     | Reached **** piety under Ashenzari
 11008 | D:10     | Found a flagged portal.
 11115 | Bailey   | Entered a bailey
 11155 | Bailey   | Learned a level 3 spell: Tukima's Dance
 11821 | Bailey   | Reached skill level 1 in Hexes
 12527 | Bailey   | Reached skill level 5 in Hexes
 12858 | Bailey   | Acquired the ring of Lust {rF- rC+ rN+ MP+9 Str+3}
 13218 | D:10     | Found a staircase to the Orcish Mines.
 13316 | D:10     | Reached XP level 11. HP: 81/90 MP: 18/21
 13340 | D:10     | Noticed a two-headed ogre
 13741 | D:9      | Reached skill level 7 in Fighting
 14077 | D:10     | Reached ***** piety under Ashenzari
 14117 | D:10     | Killed a two-headed ogre
 14118 | D:10     | Reached skill level 8 in Fighting
 14729 | D:10     | Reached skill level 9 in Fighting
 14936 | D:10     | Noticed a cyclops
 14950 | D:10     | Killed a cyclops
 15092 | D:10     | Reached skill level 5 in Spellcasting
 15166 | D:10     | Noticed an orc knight
 15239 | D:10     | Acquired the +0 pair of boots of New Discoveries {Int+4}
 15507 | D:10     | Reached skill level 10 in Fighting
 15643 | D:10     | Learned a level 5 spell: Yara's Violent Unravelling
 15972 | D:10     | Noticed a cyclops
 16080 | D:10     | Noticed a soul eater
 16395 | D:10     | Noticed a cyclops
 16547 | D:10     | Reached skill level 11 in Fighting
 16547 | D:10     | Reached XP level 12. HP: 90/108 MP: 27/27
 17110 | D:10     | Learned a level 6 spell: Dispersal
 17245 | D:11     | Reached skill level 12 in Fighting
 17245 | D:11     | Reached skill level 1 in Axes
 17329 | D:11     | Noticed a two-headed ogre
 17350 | D:11     | Killed a two-headed ogre
 18278 | D:12     | Noticed Frances
 18296 | D:12     | Noticed a skeletal warrior
 18375 | Lair:1   | Entered Level 1 of the Lair of Beasts
 18776 | Lair:1   | Noticed a seven-headed hydra
 18902 | Lair:1   | Reached skill level 5 in Translocations
 19331 | Lair:1   | Reached XP level 13. HP: 105/109 MP: 26/26
 19417 | Lair:1   | Killed a seven-headed hydra
 19564 | Lair:1   | Reached skill level 10 in Spellcasting
 19807 | Orc:1    | Entered Level 1 of the Orcish Mines
 19865 | Orc:1    | Learned a level 2 spell: Sublimation of Blood
 19871 | Orc:2    | Entered Level 2 of the Orcish Mines
 20169 | Orc:1    | Reached skill level 1 in Necromancy
 20207 | Orc:2    | Reached skill level 1 in Evocations
 20220 | Orc:2    | Found a frozen archway.
 20229 | IceCv    | Entered an ice cave
 20273 | IceCv    | Identified the Reference Book on the Glacier
 20395 | IceCv    | Noticed an azure jelly
 20395 | IceCv    | Found a viscous altar of Jiyva.
 20395 | IceCv    | Noticed an azure jelly
 20433 | IceCv    | Noticed a quicksilver ooze
 20492 | IceCv    | Identified the amulet "Ewovaong" {Acrobat Contam Will+
                  | Str+3}
 20493 | IceCv    | Identified the ring of Mayguxt {rPois Int+6 Dex+3}
 20494 | IceCv    | Identified the Volume of the Glacier
 20500 | IceCv    | Identified the ring "Vinymm" {rPois Int+6}
 21013 | Orc:2    | Found Vethri's Antique Armour Shoppe.
 21016 | Orc:2    | Noticed Saint Roka
 21019 | Orc:2    | Found Xofy Asu's Antique Weapon Emporium.
 21155 | Lair:2   | Upgraded the game from 0.27.1-2-g3b301248ec to
                  | 0.27.1-33-g824d729ab1
 21404 | Lair:2   | Noticed an eight-headed hydra
 21510 | Lair:2   | Reached skill level 1 in Crossbows
 21947 | Lair:2   | Killed an eight-headed hydra
 22856 | Lair:3   | Gained mutation: You sometimes lose the ability to read
                  | scrolls when taking damage. [you]
 22870 | Lair:3   | Reached skill level 13 in Fighting
 22873 | Lair:3   | Lost mutation: You are agile. (Dex +2) [you]
 22884 | Lair:3   | Gained mutation: You expend magic power (3 MP) to
                  | strengthen your wands. [you]
 22915 | Lair:3   | Learned a level 3 spell: Frozen Ramparts
 22926 | Lair:3   | Reached skill level 10 in Stealth
 22931 | Lair:3   | Reached skill level 1 in Ice Magic
 23039 | Lair:3   | Reached XP level 14. HP: 74/118 MP: 28/28
 23446 | Lair:3   | Found a staircase to the Shoals.
 23476 | Lair:3   | Found a staircase to the Snake Pit.
 23601 | Lair:3   | Lost mutation: You sometimes lose the ability to read
                  | scrolls when taking damage. [potion of mutation]
 23601 | Lair:3   | Lost mutation: You expend magic power (3 MP) to strengthen
                  | your wands. [potion of mutation]
 23601 | Lair:3   | Gained mutation: You are robust. (+10% HP) [potion of
                  | mutation]
 23601 | Lair:3   | Lost mutation: Your system is resistant to poisons. (rPois)
                  | [potion of mutation]
 23873 | Lair:3   | Reached skill level 5 in Axes
 24366 | Lair:3   | Learned a level 4 spell: Hailstorm
 24406 | Lair:3   | Reached skill level 5 in Ice Magic
 24667 | Lair:3   | Quit the game

Illustrated notes

Levels and vault maps discovered:
D:1:      dpeg_arrival_fog, layout_loops_ring,
          shapermc_ecumenical_altar_mp_vishouse, kennysheep_pointless_box,
          grunt_decor_resistance
D:2:      layout_rooms
D:3:      layout_basic, minmay_misc_feat_rows, uniq_sigmund, uniq_grinder
D:4:      layout_loops_corners, lemuel_coloured_pillars_altar,
          nicolae_ossuary_entry_plus
D:5:      layout_basic
D:6:      layout_basic, minmay_temple_entry_hall
D:7:      layout_rooms, uniq_menkaure
D:8:      layout_loops_ring, special_room [special_room_orc]
D:9:      layout_irregular_city, lair_entry_dummy
D:10:     lemuel_castle_with_subvaults [lemuel_castle_interior_carwin_3],
          layout_irregular_city, hiddenorc2_lemuel, enter_bailey_6,
          kennysheep_generic_room_9
D:11:     layout_rooms, kennysheep_generic_room_10
D:12:     layout_grid_maze, uniq_frances, uniq_nergalle
Temple:   grunt_wide_crystal_templ
Lair:1:   layout_roguey, serial_bayou_pond_a, st_stairs_10, grunt_megastairs_5,
          lemuel_fruit_fields, infiniplex_staircase_pool
Lair:2:   layout_cave_pods, minmay_lair_oklob_chamber
Lair:3:   hangedman_what_comes_after_a, layout_loops_ring,
          elwin_shoals_entry_rocks, guppyfry_snake_entry_island,
          nicolae_quartered_pool_medium, pond, grunt_megastairs_2
Orc:1:    layout_diamond_mine
Orc:2:    grunt_orc_community_town_hall, layout_caves,
          grunt_orc_community_big_house_2, grunt_orc_community_big_house_1,
          grunt_orc_community_house_3, grunt_orc_community_house_2,
          grunt_orc_community_house_1, grunt_orc_community_house_3,
          grunt_orc_community_house_2, portal_ice_cave_entry_pillars_1,
          serial_shops, shop, enter_volcano_4

Skill      XL: |  1  2  3  4  5  6  7  8  9 10 11 12 13 14 |
---------------+-------------------------------------------+-----
Earth Magic    | 4 5 6 |  6.5
Conjurations   | 1 2 3 |  3.1
Fighting       | 1 3 4 5 6 11 12 13 | 13.2
Transmutations | 3 4 5 |  5.3
Short Blades   | 2 3 4 5 6 |  6.0
Dodging        | 2 3 4 5 |  5.5
Stealth        | 3 5 7 10 | 10.0
Throwing       | 2 4 |  4.2
Spellcasting   | 3 7 9 10 | 10.2
Translocations | 3 5 |  5.0
Hexes          | 6 |  6.9
Shields        | 2 |  2.7
Axes           | 3 5 |  5.7
Necromancy     | 3 |  3.6
Evocations     | 4 |  4.9
Crossbows      | 3 |  3.0
Ice Magic      | 1 5 |  5.5

Action                   |  1- 3 |  4- 6 |  7- 9 | 10-12 | 13-15 || total
-------------------------+-------+-------+-------+-------+-------++-------
Melee: Short sword       |    15 |    18 |   300 |   493 |       ||   826
       Mace              |    81 |       |       |       |       ||    81
       Lajatang          |       |       |    12 |     4 |    21 ||    37
       Executioner's axe |       |       |       |    58 |   285 ||   343
       Dagger            |       |       |       |    10 |    53 ||    63
 Fire: Arbalest          |       |       |       |       |    61 ||    61
Throw: Boomerang         |     5 |    22 |     9 |     9 |     4 ||    49
       Dart              |       |       |     3 |    15 |       ||    18
 Cast: Sandblast         |    19 |    37 |    40 |    97 |    38 ||   231
       Passwall          |     1 |    13 |    12 |     6 |    44 ||    76
       Stone Arrow       |       |     5 |    45 |    75 |     4 ||   129
       Petrify           |       |       |    10 |    53 |    80 ||   143
       Wereblood         |       |       |     1 |    15 |     8 ||    24
       Tukima's Dance    |       |       |       |    49 |     2 ||    51
       Teleport Other    |       |       |       |    39 |    10 ||    49
       Passage of Golubr |       |       |       |     8 |    19 ||    27
       Yara's Violent Un |       |       |       |     9 |     7 ||    16
       Dispersal         |       |       |       |     1 |       ||     1
       Sublimation of Bl |       |       |       |       |    22 ||    22
       Frozen Ramparts   |       |       |       |       |    17 ||    17
       Hailstorm         |       |       |       |       |     8 ||     8
Invok: Curse Item        |       |       |     4 |     7 |     1 ||    12
       Shatter the Chain |       |       |     1 |     3 |       ||     4
 Abil: Dig               |    15 |    22 |     8 |    11 |    30 ||    86
       Shaft Self        |       |     1 |       |       |       ||     1
Evoke: Wand              |       |       |     6 |    58 |    12 ||    76
       Phial of floods   |       |       |       |       |     1 ||     1
  Use: Potion            |     1 |     1 |     3 |     1 |     5 ||    11
       Scroll            |       |     6 |     7 |     8 |     3 ||    24
 Stab: Sleeping          |     4 |       |    12 |     7 |    16 ||    39
       Petrified         |       |       |    21 |    51 |   101 ||   173
       Petrifying        |       |       |     1 |    11 |     7 ||    19
       Paralysed         |       |       |       |     1 |       ||     1
Armor: Robe              |    39 |     6 |    90 |   170 |       ||   305
       Troll leather arm |       |       |       |     9 |   283 ||   292
Dodge: Dodged            |    99 |    20 |   181 |   541 |   654 ||  1495
Block: Buckler           |       |       |       |    97 |   215 ||   312
